 Dungeon Crawl Stone Soup version 0.23.2-1-ga50397a (webtiles) character file.

Game seed: 1004806933061037394

646 TrebMcFLY the Chopper (level 7, -5/63 HPs)
             Began as a Deep Dwarf Fighter on May 14, 2019.
             Killed by nerve-wracking pain
             ... invoked by an orc priest
              (13 damage)
             ... on level 3 of the Dungeon.
             The game lasted 00:16:24 (2614 turns).

TrebMcFLY the Chopper (Deep Dwarf Fighter)          Turns: 2614, Time: 00:16:25

Health: -5/63      AC:  9    Str: 21    XL:     7   Next: 27%
Magic:  8/8        EV:  8    Int:  9    God:
Gold:   83         SH:  9    Dex: 12    Spells: 6/6 levels left

rFire    . . .     SeeInvis .   a - +0 war axe
rCold    . . .     Gourm    .   c - +0 shield
rNeg     . . .     Faith    .   b - +0 scale mail
rPois    .         Spirit   .   o - +0 helmet
rElec    .         Reflect  .   (no cloak)
rCorr    .         Harm     .   q - +0 pair of gloves
MR       +....                  (no boots)
Stlth    ..........             (no amulet)
HPRegen  0.00/turn              (no ring)
MPRegen  0.11/turn              (no ring)

@: non-regenerating, lightly drained
A: damage resistance, heal wounds, sense surroundings 1, no regeneration
a: Heal Wounds


You were on level 3 of the Dungeon.
You were not hungry.

You visited 1 branch of the dungeon, and saw 3 of its levels.
You also visited: Sewer.

You collected 83 gold pieces.

Inventory:

Hand Weapons
 a - a +0 war axe (weapon)
Armour
 b - a +0 scale mail (worn)
 c - a +0 shield (worn)
 o - a +0 helmet (worn)
 q - a +0 pair of gloves (worn)
Jewellery
 y - a +5 ring of evasion {unknown}
Wands
 m - a wand of acid (11)
Scrolls
 i - 3 scrolls of fog
 k - 7 scrolls of identify
 n - a scroll of enchant weapon {unknown}
 r - 3 scrolls of teleportation
 s - a scroll of amnesia
 t - a scroll of blinking {unknown}
 w - a scroll of fear
Potions
 d - 3 potions of might
 e - 3 potions of mutation
 g - a potion of curing {unknown}
 h - 2 potions of cancellation {unknown}
 j - 2 potions of brilliance {unknown}
 l - 3 potions of agility
 p - 2 potions of heal wounds {unknown}
 u - a potion of magic {unknown}
 x - a potion of ambrosia {unknown}
Comestibles
 f - 8 rations
 v - 4 chunks of flesh


   Skills:
 + Level 3.9(3.4) Fighting
 * Level 5.2(4.7) Axes
 + Level 4.7(4.2) Armour
 + Level 2.9(2.4) Dodging
 + Level 4.7(4.2) Shields
 + Level 2.9(2.4) Evocations


You had 6 spell levels left.
You didn't know any spells.
Your spell library was empty.

Dungeon Overview and Level Annotations

Branches:
Dungeon (3/15)

Altars:
Okawaru
Ru


Innate Abilities, Weirdness & Mutations

You are resistant to damage.
You can heal yourself by infusing magical energy.
You passively map a small area around you.
You do not regenerate.


Message History

* * * LOW HITPOINT WARNING * * *
The orc wizard gestures wildly while chanting.
The orc wizard seems to speed up.
You slash the orc priest!
The orc priest is almost dead.
The orc wizard hits you but does no damage.
You block the orc priest's attack. The orc wizard closely misses you.
The orc priest mumbles some strange prayers to Beogh against you.
Beogh smites you!
* * * LOW HITPOINT WARNING * * *
You hit the orc priest but do no damage.
The orc priest is almost dead.
The orc wizard looks braver for a moment.
You block the orc wizard's attack. The orc priest closely misses you.
You closely miss the orc priest.
The orc priest is almost dead.
The orc wizard closely misses you.
The orc priest calls down the wrath of Beogh upon you.
Pain shoots through your body!
You die...

, #... #.###.##........
##.o.#####........#####.#
*,
y#...'.(######........#..
* * ,,
#.######....###.... ,
##...........###...# ,
#.#.#####.#..##...## , ,
#.#o# ##.#..#...... * ,
#.#o# #........#.). #.#@#
#..#....##.._ #.#.##
#..#.....#.). * *
#....###..#......... ,
#..#..........#...## , *
#....###..#.#)##...# ***
#.#.##*#..#.#.##.... * #.
.. #. #........# , .. ...
.. ###.####.# * #.# ###..
* #.# * #.


You could see an orc priest and an orc wizard.

Vanquished Creatures
  6 big kobolds (Sewer)
  Robin (D:2)
  5 adders
  3 river rats
  3 oozes
  9 worms
  A dart slug (D:1)
  2 leopard geckos
  2 orcs
  5 giant cockroaches
  15 goblins
  12 hobgoblins
  7 jackals
  12 kobolds
  5 ball pythons
  8 bats
  A frilled lizard (D:2)
  A quokka zombie (D:3)
  12 rats
110 creatures vanquished.

Notes
Turn   | Place    | Note
-------+----------+-------------------------------------------
     0 | D:1      | TrebMcFLY the Deep Dwarf Fighter began the quest for the
                  | Orb.
     0 | D:1      | Reached XP level 1. HP: 20/20 MP: 1/1
    30 | D:1      | Reached XP level 2. HP: 27/27 MP: 2/2
   374 | D:1      | Reached XP level 3. HP: 28/33 MP: 3/3
   567 | D:2      | Reached skill level 1 in Dodging
   590 | D:2      | Reached skill level 3 in Axes
   695 | D:2      | Noticed Robin
   819 | D:2      | Killed Robin
   819 | D:2      | Reached XP level 4. HP: 41/42 MP: 4/4
  1533 | D:3      | Reached XP level 5. HP: 45/49 MP: 5/5
  1590 | D:3      | Found a glowing drain.
  1598 | Sewer    | Entered a sewer
  1632 | Sewer    | Reached skill level 1 in Evocations
  1723 | Sewer    | Reached skill level 4 in Axes
  1763 | Sewer    | Reached XP level 6. HP: 29/56 MP: 7/7
  2078 | Sewer    | Reached skill level 5 in Axes
  2078 | Sewer    | Reached XP level 7. HP: 28/63 MP: 8/8
  2394 | D:3      | Found a sacrificial altar of Ru.
  2414 | D:3      | Found an iron altar of Okawaru.
  2598 | D:3      | Noticed a moth of wrath
  2614 | D:3      | Killed from afar by an orc priest

Skill      XL: |  1  2  3  4  5  6 |
---------------+-------------------+-----
Dodging        | 1 2 |  2.9
Axes           | 3 4 5 |  5.2
Fighting       | 3 |  3.9
Shields        | 4 |  4.7
Armour         | 4 |  4.7
Evocations     | 1 2 |  2.9

Action                   |  1- 3 |  4- 6 |  7- 9 || total
-------------------------+-------+-------+-------++-------
Melee: War axe           |   155 |   174 |    79 ||   408
 Abil: Heal Wounds       |     1 |       |     1 ||     2
  Use: Scroll            |     7 |       |       ||     7
  Eat: Chunk             |       |     2 |     2 ||     4
       Ration            |       |     1 |       ||     1
Armor: Scale mail        |    78 |    60 |    26 ||   164
Dodge: Dodged            |    50 |    55 |    23 ||   128
Block: Shield            |    95 |    87 |    36 ||   218
